 Dungeon Crawl Stone Soup version 0.24.0-13-gcf9b319 (webtiles) character file.

Game seed: 9411719740500895361, levelgen mode: deterministic

100 silenth the Insei (level 4, -7/35 HPs)
             Began as a Vampire Monk on Jan 28, 2020.
             Mangled by an ogre
             ... wielding a +0 giant club
              (12 damage)
             ... on level 3 of the Dungeon.
             The game lasted 00:01:43 (1210 turns).

silenth the Insei (Vampire Monk)                    Turns: 1210, Time: 00:01:44

Health: -7/35      AC:  6    Str: 11    XL:     4   Next: 46%
Magic:  4/4        EV: 13    Int: 12    God:
Gold:   73         SH:  0    Dex: 16    Spells: 3/3 levels left

rFire    + . .     SeeInvis +     - Unarmed
rCold    . . .     Gourm    .   (no shield)
rNeg     . . .     Faith    .   b - +3 leather armour {rF+}
rPois    .         Spirit   .   (no helmet)
rElec    .         Reflect  .   (no cloak)
rCorr    .         Harm     .   (no gloves)
MR       .....                  (no boots)
Stlth    ++........             (no amulet)
HPRegen  0.31/turn              (no ring)
MPRegen  0.09/turn              (no ring)

@: regenerating quickly
A: no food, fangs 3, see invisible, unbreathing
a: Exsanguinate


You were on level 3 of the Dungeon.
You were alive.

You visited 1 branch of the dungeon, and saw 3 of its levels.

You collected 73 gold pieces.

Inventory:

Armour
 a - a +0 robe
 b - a +3 leather armour of fire resistance (worn)
Scrolls
 e - a scroll of random uselessness {unknown}
 f - a scroll of identify {unknown}
Potions
 c - 2 potions of resistance {unknown}
 d - a potion of flight {unknown}


   Skills:
 + Level 3.5 Fighting
 - Level 3.2 Dodging
 - Level 3.0 Stealth
 * Level 5.1 Unarmed Combat


You had 3 spell levels left.
You didn't know any spells.
Your spell library was empty.

Dungeon Overview and Level Annotations

Branches:
Dungeon (3/15)

Altars:
Cheibriados
The Shining One


Innate Abilities, Weirdness & Mutations

You do not eat.
Your natural rate of healing is unusually fast.
You have razor-sharp teeth.
You have supernaturally acute eyesight. (SInv)
You can survive without breathing.


Message History

Your unstable footing causes you to fumble your attack.
The giant cockroach barely misses you.
You barely miss the giant cockroach. You bite the giant cockroach.
The giant cockroach is almost dead.
The giant cockroach closely misses you.
You hit the giant cockroach.
You kill the giant cockroach!
You see here a giant cockroach corpse.
Found 5 gold pieces.
f - a scroll labeled WIAFAG CYTI
Found a ration.
An ogre comes into view. It is wielding a +0 giant club.
The ogre shouts!
You see here 5 gold pieces.
You hit the ogre but do no damage. The ogre hits you with a +0 giant club!
You hit the ogre but do no damage. You hit the ogre but do no damage.
The ogre hits you with a +0 giant club!
* * * LOW HITPOINT WARNING * * *
You closely miss the ogre. The ogre hits you with a +0 giant club!
You die...

.. #. #.###
##...## #%....
#.#..#.###.###
#............ #
#.O###.##.#
#@........
#......#..# #
#......#..# ..
#.........#
###.#....#.#.##
.........#.#.#
##.###.......#
......≈≈≈..###
#..#.≈≈≈≈≈.#####


You could see an ogre.

Vanquished Creatures
  An orc priest (D:2)
  An adder (D:2)
  3 dart slugs
  2 leopard geckos
  3 orcs (D:1)
  4 giant cockroaches
  6 goblins
  9 hobgoblins
  5 kobolds
  2 ball pythons (D:1)
  4 bats
  3 frilled lizards
  3 rats (D:1)
46 creatures vanquished.

Notes
Turn   | Place    | Note
-------+----------+-------------------------------------------
     0 | D:1      | silenth the Vampire Monk began the quest for the Orb.
     0 | D:1      | Reached XP level 1. HP: 17/17 MP: 1/1
    65 | D:1      | Reached XP level 2. HP: 23/23 MP: 2/2
   141 | D:1      | Reached skill level 3 in Fighting
   157 | D:1      | Reached skill level 4 in Unarmed Combat
   336 | D:1      | Reached XP level 3. HP: 29/29 MP: 3/3
   679 | D:2      | Found a glowing golden altar of the Shining One.
   859 | D:2      | Reached XP level 4. HP: 24/35 MP: 4/4
   966 | D:2      | Reached skill level 5 in Unarmed Combat
  1179 | D:3      | Found a snail-covered altar of Cheibriados.
  1205 | D:3      | Noticed an ogre
  1210 | D:3      | Mangled by an ogre

Levels and vault maps discovered:
D:1:      onia_arrival_pyramid, layout_rooms
D:2:      layout_basic, marbit_many_paths, st_stairs_13, nrook_uturn
D:3:      layout_basic, kennysheep_slug_shrine, first_ration

Skill      XL: |  1  2  3  4 |
---------------+-------------+-----
Fighting       | 3 |  3.5
Unarmed Combat | 4 5 |  5.1
Dodging        | |  3.2
Stealth        | |  3.0

Action                   |  1- 3 |  4- 6 || total
-------------------------+-------+-------++-------
Melee: Unarmed           |   119 |    31 ||   150
       Bite              |    11 |     1 ||    12
       Punch             |     1 |     1 ||     2
  Use: Scroll            |       |     1 ||     1
 Stab: Sleeping          |     5 |       ||     5
Armor: Robe              |     6 |       ||     6
       Leather armour    |    26 |    11 ||    37
Dodge: Dodged            |    81 |    16 ||    97
